 Dungeon Crawl Stone Soup version 0.27-a0-686-gaed091b46b (webtiles) character file.

Game seed: 2248573322753451892

966 funkygono the Chiller (level 7, -4/103 HPs)
             Began as a Demonspawn Ice Elementalist on Mar 20, 2021.
             Slain by a troll (6 damage)
             ... on level 5 of the Dungeon.
             The game lasted 00:12:48 (6951 turns).

funkygono the Chiller (Demonspawn Ice Elementalist) Turns: 6951, Time: 00:12:48

Health: -4/103     AC: 23    Str:  8    XL:     7   Next: 93%
Magic:  12/16      EV:  2    Int: 18    God:
Gold:   142        SH:  0    Dex: 14    Spells: 7/18 levels left

rFire    . . .     SeeInvis .   j - +1 mace (freeze)
rCold    . . .     Faith    .   (no shield)
rNeg     + + +     Spirit   .   (armour currently unavailable)
rPois    +         Reflect  .   (helmet currently unavailable)
rElec    .         Harm     .   (cloak currently unavailable)
rCorr    .         Rampage  .   (gloves currently unavailable)
Will     .....     NoTele   +   (boots currently unavailable)
Stlth    ..........             m - amulet of the acrobat
HPRegen  0.27/turn              (no ring)
MPRegen  0.15/turn              (no ring)

@: berserking, tree-form, very quick
A: stationary, stasis, torment immunity, boosted hp, (horns 1), powered by pain
3
a: no special abilities


You were on level 5 of the Dungeon.
You were a tree.
You visited 1 branch of the dungeon, and saw 5 of its levels.

You collected 142 gold pieces.

Inventory:

Hand Weapons
 j - a +1 mace of freezing (weapon)
Armour
 a - a +0 robe (melded)
 f - a +0 cloak (melded)
 g - a +1 pair of boots of stealth (melded)
 k - a +0 pair of gloves (melded)
Jewellery
 d - an amulet of faith
 m - an amulet of the acrobat (around neck)
Scrolls
 b - 2 scrolls of holy word
 c - a scroll of fear {unknown}
 e - a scroll of immolation {unknown}
Potions
 h - a potion of lignification


   Skills:
 + Level 1.1 Maces & Flails
 * Level 2.7 Dodging
 - Level 1.7 Stealth
 * Level 6.0 Spellcasting
 * Level 2.0 Conjurations
 * Level 6.2 Ice Magic


You had 7 spell levels left.
You knew the following spells:

 Your Spells              Type           Power      Damage    Failure   Level
a - Freeze                Ice            100%       1d11      1%          1
b - Frozen Ramparts       Ice            54%        1d7       2%          3
c - Ozocubu's Armour      Ice            27%        N/A       2%          3
d - Hailstorm             Conj/Ice       20%        3d6       22%         4

Your spell library contained the following spells:

 Spells                   Type           Power      Damage    Failure   Level
 Animate Skeleton         Necr           10%        N/A       12%         1
 Apportation              Tloc           10%        N/A       12%         1
 Corona                   Hex            5%         N/A       12%         1
 Summon Small Mammal      Summ           20%        N/A       12%         1
 Summon Ice Beast         Ice/Summ       16%        N/A       32%         4


Dungeon Overview and Level Annotations

Branches:
Dungeon (5/15)
 Temple: D:4-7

Altars:
Ashenzari
Dithmenos
Elyvilon
Fedhas
Nemelex Xobeh
Ru
Trog
Uskayaw
Yredelemnul

Shops:
D:4 !


Innate Abilities, Weirdness & Mutations

You are a tree.
Your roots penetrate the ground, keeping you stationary.
You cannot be teleported.
You are immune to unholy pain and torment.
Your maximum health is greatly increased.
Your equipment is partially melded.
((You have a pair of small horns on your head.))
You are powered by pain.


Message History

The adder zombie barely misses you.
You hit the adder zombie. You headbutt the adder zombie.
The adder zombie is severely damaged.
The adder zombie bites you but does no damage.
The adder zombie misses you.
You sock the adder zombie!
You destroy the adder zombie!
Your Conjurations skill increases to level 2!
A troll comes into view.
Casting: Freeze (safe; 1% risk of failure)
Confirm with . or Enter, or press ? or * to list all spells.
Casting: Frozen Ramparts (dangerous; 2% risk of failure)
Press: ? - help, Dir - look around, f - activate The walls around you are covered in ice.
The wall freezes the troll.
The troll bites you. The troll claws you. The troll barely misses you.
Casting: Frozen Ramparts (dangerous; 2% risk of failure)
Confirm with . or Enter, or press ? or * to list all spells.
Aiming: Freeze (safe; 1% risk of failure)
Press: ? - help, Shift-Dir - straight line, f - troll
Aim: a troll (lightly wounded)
You freeze the troll.
The troll is moderately wounded.
The wall freezes the troll.
The troll bites you! The troll claws you. The troll claws you!
* * * LOW HITPOINT WARNING * * *
Your frozen ramparts will break if you move.
Continue?
The frozen ramparts melt away as you move.
Really quaff the potion of lignification?
You turn into a tree.
Your +0 cloak melds into your body.
Your +0 pair of gloves melds into your body.
Your +1 pair of boots of stealth melds into your body.
Your +0 robe melds into your body.
You feel less stealthy.
Your roots penetrate the ground.
The troll bites you but does no damage. The troll claws you but does no damage.
The troll claws you!
* * * LOW HITPOINT WARNING * * *
It was a potion of berserk rage.
A red film seems to cover your vision as you go berserk!
You feel yourself moving faster!
You feel mighty! The troll bites you.
You die...

##.#.# #.#.# ###...#####
####### #.........# #
#...... #.........# #
#......#######....>....###
#.........................
#..............###.####.##
#.......T♣.....# #.#......
#......######### #.#.##.#.
####### #.#.##.#.
#.#.##.#. #.#.##.#<
#.#.##.#. ##### #.#.##.#.
#...# #.#..#... #...#
#######.#....#.


You could see a troll.

Vanquished Creatures
  Eustachio (D:4)
  2 ogres
  A scorpion (D:4)
  3 hounds (D:5)
  A jelly (D:5)
  An orc priest (D:4)
  Natasha (D:2)
  2 orc wizards (D:4)
  5 worker ants
  A killer bee zombie (D:5)
  2 hound skeletons
  A worker ant zombie (D:5)
  7 adders
  A shadow imp (D:5)
  A white imp (D:5)
  2 ufetubi (D:5)
  An ooze (D:4)
  An adder zombie (D:5)
  5 worms
  3 dart slugs
  3 leopard geckos
  8 orcs
  3 goblins
  8 hobgoblins
  6 jackals
  7 kobolds
  2 quokkas
  A ball python (D:1)
  4 bats
  8 frilled lizards
  A giant cockroach zombie (D:5)
  4 rats
97 creatures vanquished.

Notes
Turn   | Place    | Note
-------+----------+-------------------------------------------
     0 | D:1      | funkygono the Demonspawn Ice Elementalist began the quest
                  | for the Orb.
     0 | D:1      | Reached XP level 1. HP: 13/13 MP: 3/3
   215 | D:1      | Gained mutation: You have a pair of small horns on your
                  | head. [demonic ancestry]
   215 | D:1      | Reached XP level 2. HP: 15/19 MP: 0/5
  1414 | D:2      | Reached XP level 3. HP: 24/24 MP: 1/6
  1418 | D:2      | Learned a level 3 spell: Frozen Ramparts
  2240 | D:2      | Found a broken altar of Ashenzari.
  2245 | D:2      | Learned a level 3 spell: Ozocubu's Armour
  2751 | D:2      | Noticed Natasha
  2760 | D:2      | Killed Natasha
  2761 | D:2      | Reached XP level 4. HP: 21/30 MP: 3/8
  3755 | D:3      | Found a shadowy altar of Dithmenos.
  3922 | D:3      | Found a sacrificial altar of Ru.
  4158 | D:4      | Noticed Eustachio
  4178 | D:4      | Noticed an ogre
  4222 | D:4      | Gained mutation: You sometimes gain a little power by
                  | taking damage. [demonic ancestry]
  4222 | D:4      | Reached XP level 5. HP: 31/35 MP: 6/10
  4223 | D:4      | Killed an ogre
  4224 | D:4      | Reached skill level 5 in Ice Magic
  4229 | D:4      | Learned a level 4 spell: Hailstorm
  4415 | D:4      | Gained mutation: You sometimes gain power by taking damage.
                  | [demonic ancestry]
  4415 | D:4      | Reached XP level 6. HP: 41/41 MP: 4/12
  4509 | D:4      | Found a blossoming altar of Fedhas.
  4532 | D:4      | Killed Eustachio
  4533 | D:4      | Reached skill level 1 in Conjurations
  4701 | D:4      | Reached skill level 5 in Spellcasting
  4779 | D:4      | Found Exosio Less's Distillery.
  5009 | D:4      | Gained mutation: You are powered by pain. [demonic
                  | ancestry]
  5009 | D:4      | Reached XP level 7. HP: 46/46 MP: 11/14
  5494 | D:5      | Entered Level 5 of the Dungeon
  5494 | D:5      | Found a hide-covered altar of Uskayaw.
  5537 | D:5      | Found a basalt altar of Yredelemnul.
  5853 | D:5      | Found a bloodstained altar of Trog.
  6307 | D:5      | Reached skill level 1 in Maces & Flails
  6559 | D:5      | Found a sparkling altar of Nemelex Xobeh.
  6940 | D:5      | Noticed a troll
  6950 | D:5      | HP: 1/69 [troll (7)]
  6951 | D:5      | Slain by a troll

Illustrated notes

Levels and vault maps discovered:
D:1:      wander_arrival_estate, layout_basic
D:2:      layout_basic, nicolae_overflow_crystal_walls,
          hangedman_decor_slide_cut, uniq_natasha
D:3:      layout_loops_ring, lemuel_crystal_altar, general_overflow_altar,
          marbit_many_paths, ebering_dispersal_statue_hall
D:4:      layout_gridville, fedhas_ov_isle_minmay, serial_shops,
          nicolae_shop_stone, serial_co_window_serial, co_window_paths_a,
          co_window_corner_a, co_window_paths_a, co_window_paths_a,
          co_window_cross_1, co_window_cross_3, co_window_of_opportunity_c,
          co_window_of_opportunity_b, co_window_corner_cb, co_window_paths_c,
          co_window_paths_c, co_window_4corner_b, glass_columns_b,
          glass_columns_c, glass_columns_c, uniq_eustachio
D:5:      layout_basic, lemuel_crystal_altar, kennysheep_mini,
          nemelex_xobeh_ov_fountains_minmay, basic_altar

Skill      XL: |  1  2  3  4  5  6  7 |
---------------+----------------------+-----
Ice Magic      | 4 5 6 |  6.2
Spellcasting   | 3 4 5 6 |  6.0
Dodging        | 2 |  2.7
Conjurations   | 1 2 |  2.0
Maces & Flails | 1 |  1.1
Stealth        | |  1.7

Action                   |  1- 3 |  4- 6 |  7- 9 || total
-------------------------+-------+-------+-------++-------
Melee: Club              |    14 |       |       ||    14
       Mace              |       |       |    46 ||    46
       Headbutt          |       |       |     9 ||     9
 Cast: Freeze            |    51 |    59 |    54 ||   164
       Frozen Ramparts   |     2 |     4 |     6 ||    12
       Ozocubu's Armour  |       |       |     2 ||     2
  Use: Scroll            |     1 |     7 |     1 ||     9
       Potion            |       |     1 |     2 ||     3
Armor: Robe              |     2 |    10 |    28 ||    40
       Skin              |       |       |     2 ||     2
Dodge: Dodged            |    29 |    27 |    85 ||   141

Table legend: (Time is in decaauts)
 A = Elapsed time spent in this place.
 B = Non-inter-level travel time spent in this place.
 C = Inter-level travel time spent in this place.
 D = Time resting spent in this place.
 E = Time spent auto-exploring this place.
 F = Levels seen in this place.
 G = Mean time per level.
                   A        B        C        D        E       F      G
               +--------+--------+--------+--------+--------+-----+--------+
         Total |   6970 |   6782 |    188 |    239 |   5680 |   5 | 1394.0 |
       Dungeon |   6970 |   6782 |    188 |    239 |   5680 |   5 | 1394.0 |
               +--------+--------+--------+--------+--------+-----+--------+

Top non-repeatable levels by time:
     D:2: 1999 daAuts
     D:5: 1472 daAuts
     D:4: 1347 daAuts
     D:1: 1146 daAuts
     D:3: 1004 daAuts
